[Event "Early-Titled-Tuesday-Blitz-March-26-2024"]
[Site "Chess.com"]
[Date "2024.03.26"]
[Round "9"]
[White "biveklama"]
[Black "MightyGMpretender"]
[Result "0-1"]
[WhiteElo "2579"]
[BlackElo "2767"]
[TimeControl "180+1"]
[EndTime "9:44:50 PDT"]
[Termination "MightyGMpretender won by checkmate"]

1. e4 c5 2. Nf3 Nc6 3. Bb5 Nf6 4. e5 Nd5 5. Nc3 Nc7 6. Qe2 Nxb5 7. Qxb5 e6 8. Ne4 a6 9. Qe2 b6 10. d4 cxd4 11.
Bg5 Qc7 12. O-O-O h6 13. Bh4 Bb7 14. Kb1 Rc8 15. Nxd4 Nxd4 16. Rxd4 Qxe5 17. Rhd1 Bxe4 18.
Rxe4 Qb5 19. c4 Qc6 20. f4 Bc5 21. f5 b5 22. f6 g6 23. Bg3 Qb7 24. Qd3 bxc4 25.
Rxc4 d5 26. Rc3 Kd7 27. Rdc1 Bb6 28. Be5 Rxc3 29. Bxc3 Rc8 30. Qd2 h5 31. h3 Bd8 32.
Re1 Qb5 33. g4 hxg4 34. hxg4 Rc4 35. g5 Kc6 36. Qh2 Bc7 37. Qh8 Re4 38. Rc1 Qd3+ 39.
Ka1 Kb7 40. Qe8 Qe3 41. Rb1 Rf4 42. Qxf7 Qd3 43. Qxe6 Rf1 44. Rxf1 Qxf1+ 45. Qe1 Qf5 46. Qc1 Bb6 47. a3 d4 48. Bd2 d3 49. b3 Bc7 50.
Ka2 Be5 51. Bc3 Qf2+ 52. Kb1 Bxc3 53. Qxc3 Qf1+ 54. Ka2 Qe2+ 55. Kb1 d2 56. Qb4+ Kc6 57. Qa4+ Kd5 58. Qd7+ Ke4 59. Qe6+ Kf3 60. Qd5+ Kf2 61.
Qd4+ Ke1 62. Qh4+ Qf2 63. Qe4+ Kf1 64. Qc4+ Qe2 65. Qf4+ Kg1 66. Qg3+ Kf1 67. Qf4+ Kg2 68. f7 d1=Q+ 69. Qc1 Qed3+ 70. Kb2 Qxc1+ 71. Kxc1 Qe3+ 72. Kc2 Qe4+ 73. Kc3 Qf3+ 74. Kb4 Qxf7 75. Ka5 Qd5+ 76. Ka4 Qb5# 0-1

[Event "Early-Titled-Tuesday-Blitz-March-26-2024"]
[Site "Chess.com"]
[Date "2024.03.26"]
[Round "9"]
[White "Iskusnyh"]
[Black "emeli_chess"]
[Result "1-0"]
[WhiteElo "2618"]
[BlackElo "2392"]
[TimeControl "180+1"]
[EndTime "9:44:51 PDT"]
[Termination "Iskusnyh won on time"]

1. d4 Nf6 2. c4 e6 3. g3 d5 4. Bg2 dxc4 5. Nf3 Nc6 6. O-O Rb8 7. e3 b5 8. b3 cxb3 9. axb3 Be7 10. Bb2 O-O 11. Qe2 b4 12. Nbd2 a5 13. Rfc1 Rb6 14. Nc4 Ba6 15. Qd1 Bxc4 16. Rxc4 Nd5 17. Qc2 Nc3 18.
Bxc3 bxc3 19. Qxc3 Bb4 20. Qc2 Ne7 21. Ne5 Nd5 22.
Bxd5 Qxd5 23. Rxc7 Rb7 24. Rxb7 Qxb7 25. Qc6 Qe7 26. Rc1 h5 27. h4 Qf6 28. Kg2 Qf5 29. Qf3 Qxf3+ 30. Kxf3 Ra8 31. Rc7 Bd6 32. Rb7 Bxe5 33.
dxe5 a4 34. bxa4 Rxa4 35. Rd7 g6 36. Rd4 Ra5 37. Kf4 Kg7 38. f3 Rb5 39. Rd7 Ra5 40.
g4 hxg4 41. Kxg4 Rxe5 42. e4 Ra5 43. Rb7 Rc5 44. Rb1 Ra5 45. Rh1 Rb5 46. Kf4 Ra5 47.
Rd1 Rb5 48. Rd7 Rh5 49. Kg4 Ra5 50. f4 Ra4 51. e5 Ra1 52. Rd3 Rg1+ 53. Rg3 Ra1 54.
h5 Ra4 55. Kg5 gxh5 56. Kxh5+ Kf8 57. Kg5 Ra1 58. Kf6 Rf1 59. Rg4 Rf2 60. Rh4 Kg8 61. Ke7 Rf1 62. Rg4+ Kh7 63. Kxf7 Kh6 64. Kxe6 Kh5 65. Rg5+ Kh6 66. Kf5 Rf2 67. e6 Re2 68. Rg6+ Kh7 69. Rg3 Re1 70. Kf6 Re4 71. f5 Re3 72. e7 1-0

[Event "Early-Titled-Tuesday-Blitz-March-26-2024"]
[Site "Chess.com"]
[Date "2024.03.26"]
[Round "9"]
[White "Angry_Twin"]
[Black "Suleyman_Chess06"]
[Result "0-1"]
[WhiteElo "2906"]
[BlackElo "2737"]
[TimeControl "180+1"]
[EndTime "9:44:52 PDT"]
[Termination "Suleyman_Chess06 won by checkmate"]

1. e4 e6 2. d4 d5 3. Nd2 c5 4. exd5 exd5 5. Ngf3 Nc6 6. Bb5 Qe7+ 7. Be2 Qc7 8. O-O Nf6 9. Re1 Be7 10. dxc5 O-O 11. Nb3 a5 12. c3 Rd8 13. Nbd4 Bxc5 14. h3 Ne4 15. Be3 b6 16. Rc1 Bb7 17. a3 a4 18. Nxc6 Bxe3 19. fxe3 Bxc6 20. Nd4 Bb7 21. Bf3 Nc5 22. Qc2 Re8 23. Rcd1 Rad8 24. Qf2 Qe5 25. Qh4 h6 26. Kh1 Rd7 27. Qf4 Rde7 28. Nf5 Rd7 29. Qg4 Kh7 30. Nd4 Rde7 31. Rf1 Bc8 32. Qh4 Bd7 33. Rfe1 Qg5 34. Qxg5 hxg5 35. Kg1 Rxe3 36.
Rxe3 Rxe3 37. Bxd5 f5 38. Kf2 Re7 39. Bf3 g4 40. hxg4 fxg4 41. Bd5 Re5 42. Ne2 Bf5 43. Nf4 g5 44. Rh1+ Kg7 45. Nh5+ Kf8 46. Nf6 Kg7 47. Nh5+ Kg6 48. c4 Nd3+ 49. Kg1 Re1+ 50. Kh2 Rxh1+ 51. Kxh1 Kxh5 52. Kg1 g3 53. Kf1 Nxb2 54. Ke2 Bd3+ 55. Kf3 Bxc4 56. Bc6 Be6 57. Kxg3 Bb3 58. Kf3 Nc4 59.
Be8+ Kh6 60. Ke2 Nxa3 61. Kd3 Nc4 62. Kc3 Nd6 63. Bc6 b5 64. Kb4 Bc4 65. g3 Nf5 66. g4 Ne3 67. Be4 Nxg4 68. Ka3 Ne5 69. Kb2 g4 70. Ka1 Kg5 71. Kb2 Kf4 72. Bb7 b4 73.
Kc2 a3 74. Kb1 b3 75. Kc1 Nd3+ 76. Kd2 b2 77. Kc2 a2 78. Kc3 b1=Q 79. Be4 a1=Q+ 80. Kd2 Qbb2# 0-1

[Event "Early-Titled-Tuesday-Blitz-March-26-2024"]
[Site "Chess.com"]
[Date "2024.03.26"]
[Round "9"]
[White "Iball95"]
[Black "Kostya0705"]
[Result "1/2-1/2"]
[WhiteElo "2878"]
[BlackElo "2599"]
[TimeControl "180+1"]
[EndTime "9:44:55 PDT"]
[Termination "Game drawn - insufficient material"]

1. e4 c5 2. Nf3 e6 3. Nc3 Nc6 4.
d4 cxd4 5. Nxd4 Qc7 6. Nxc6 bxc6 7. Qg4 Nf6 8. Qg3 Qxg3 9. hxg3 d5 10. Bd3 Bd6 11. Bg5 h6 12. Bd2 e5 13. O-O-O Be6 14.
exd5 cxd5 15. Nb5 Bb8 16. Bb4 Kd7 17. Rhe1 a6 18. Nc3 a5 19. Bb5+ Kc7 20. Bc5 Kb7 21. f3 d4 22. Na4 Nd5 23. f4 f6 24. Bxd4 Bg4 25. Bc4 Nc7 26. Bf2 Bxd1 27. Rxd1 Ba7 28. Be1 Rad8 29. Bd3 Kb8 30. fxe5 fxe5 31. Bxa5 e4 32.
Bxe4 Be3+ 33. Bd2 Rxd2 34. Rxd2 Rd8 35. Bd3 Rf8 36. Kd1 Bxd2 37. Kxd2 Rf2+ 38. Ke3 Rxg2 39. Kf3 Rg1 40. Nc5 Nd5 41. a4 g5 42. c3 h5 43. a5 h4 44. gxh4 gxh4 45. Bf5 Rg3+ 46. Ke4 Nf6+ 47. Ke5 Ng4+ 48. Kf4 Nh6 49. Be6 Rg6 50.
Bd7 Nf7 51. b4 Rg3 52. Ne4 Rg1 53. b5 Kc7 54. Be6 Nd6 55. b6+ Kc6 56. Nxd6 Kxd6 57.
Bg4 Ra1 58. Bf3 Rxa5 59. b7 Ra4+ 60. Ke3 Kc7 61. Kf2 Rf4 62. Kg2 Rf8 63. Be4 Kd6 64.
Kh3 Ke5 65. Bc6 Rh8 66. Bd7 Rb8 67. Bc8 Ke4 68. Kxh4 Kd3 69. Kg5 Kxc3 70. Kf6 Kb4 71. Ke6 Ka5 72. Kd7 Kb6 73. Kd6 Rxb7 74. Bxb7 1/2-1/2

[Event "Early-Titled-Tuesday-Blitz-March-26-2024"]
[Site "Chess.com"]
[Date "2024.03.26"]
[Round "9"]
[White "noblerone"]
[Black "UK_23"]
[Result "1/2-1/2"]
[WhiteElo "2548"]
[BlackElo "2408"]
[TimeControl "180+1"]
[EndTime "9:44:57 PDT"]
[Termination "Game drawn by stalemate"]

1. d4 d5 2. Nf3 Nf6 3. Bg5 Ne4 4. Bf4 c5 5. e3 Qb6 6. Nc3 Qa5 7. Nd2 Nxc3 8.
bxc3 Qxc3 9. Bxb8 Rxb8 10. Bb5+ Bd7 11. Bxd7+ Kxd7 12. dxc5 e6 13. O-O Bxc5 14. Ne4 Qc4 15. Nxc5+ Qxc5 16. e4 d4 17. Qg4 g6 18. Qf4 Ke7 19.
e5 Rhd8 20. Qf6+ Ke8 21. h4 h5 22. Rfd1 Rbc8 23. Rd2 Qe7 24. Qf4 Rc4 25. Rad1 Qd7 26.
Qf6 Qe7 27. Qh8+ Qf8 28. Qf6 Rd5 29. c3 Rxc3 30. Rxd4 Rxd4 31. Rxd4 Rc8 32. Qf3 Qe7 33. g3 Kf8 34. Qd3 Qc7 35. Qe3 Qc1+ 36. Qxc1 Rxc1+ 37. Kg2 Ke7 38. Rb4 b6 39. a4 Rc5 40. f4 Ra5 41.
Kf3 Kd7 42. Rd4+ Kc7 43. Ke3 Rc5 44. Kd3 a6 45. Rb4 b5 46. axb5 axb5 47. Kd4 Rd5+ 48. Ke4 Kc6 49. Rb1 Rc5 50. Ra1 Rc4+ 51. Kd3 Ra4 52.
Rc1+ Kd5 53. Rc8 Ra3+ 54. Ke2 Rxg3 55. Rc7 Ke4 56. Rxf7 b4 57. Rf6 b3 58. Rxe6 b2 59. Rb6 Kxf4 60. e6 Re3+ 61. Kf2 Rxe6 62. Rxb2 Re4 63.
Rb6 Kf5 64. Kg3 Rg4+ 65. Kh3 Rg1 66. Rb5+ Kf6 67. Rb6+ Kg7 68. Rb7+ Kh6 69. Rb6 Rg4 70. Ra6 Rc4 71. Rb6 Re4 72. Ra6 Kg7 73. Ra7+ Kf6 74. Ra6+ Kf5 75. Ra5+ Re5 76. Ra3 Kf4 77. Ra6 Re3+ 78.
Kh2 Kf5 79. Ra5+ Re5 80. Ra6 Rc5 81. Kg3 Rc3+ 82. Kg2 Kg4 83. Rxg6+ Kxh4 84. Kh2 Rc2+ 85. Kh1 Rc4 86. Rg1 Rg4 87. Rf1 Kg3 88. Rg1+ Kh4 89. Rxg4+ hxg4 90. Kg2 g3 91. Kg1 Kh3 92. Kh1 g2+ 93. Kg1 Kg3 1/2-1/2

[Event "Early-Titled-Tuesday-Blitz-March-26-2024"]
[Site "Chess.com"]
[Date "2024.03.26"]
[Round "9"]
[White "Hikaru"]
[Black "Shield12"]
[Result "1-0"]
[WhiteElo "3264"]
[BlackElo "2997"]
[TimeControl "180+1"]
[EndTime "9:44:58 PDT"]
[Termination "Hikaru won by resignation"]

1. Nf3 c5 2. e4 e6 3. c3 Nf6 4. Bd3 d5 5. e5 Nfd7 6. Bc2 c4 7. O-O Nc6 8. Ba4 Qc7 9. Re1 Nc5 10.
d4 cxd3 11. Bb5 Be7 12. Bxd3 Nxd3 13. Qxd3 h6 14. Nbd2 O-O 15. Nb3 b6 16. Bf4 Bd7 17.
Nfd4 Nxd4 18. Nxd4 Rab8 19. Re3 f5 20. exf6 Qxf4 21. Rf3 Qd6 22. fxe7 Qxe7 23. Re1 e5 24. Rxf8+ Rxf8 25. Nf3 Qf7 26. Rxe5 Bg4 27. Qxd5 Bxf3 28. gxf3 Qxd5 29. Rxd5 Rxf3 30. Rd8+ Kh7 31. Rd7 a5 32. Rd6 b5 33. Rd5 b4 34. Kg2 Rf4 35. Rxa5 bxc3 36. bxc3 Rc4 37. Ra3 Kg6 38. Rb3 Kf5 39. a3 g5 40. h3 Ra4 41. f3 Ke5 42. Kg3 Kf5 43. Kf2 Rh4 44. Kg2 Ra4 45. Kg3 Rc4 46. Kf2 Rh4 47.
Rb5+ Kg6 48. Rc5 Ra4 49. Kg3 Rxa3 50. h4 Ra4 51. Rc6+ Kh5 52. hxg5 hxg5 53. c4 Ra3 54. Rc5 Rd3 55. Rc8 Kg6 56. c5 Rc3 57. c6 Rc4 58. Kf2 Kf7 59. Ke3 Ke7 60. Kd3 Rf4 61. Ke3 Kd6 62. Rg8 Rf5 63. Rg6+ Kc7 64. Kf2 Ra5 65. Kg3 Rd5 66. Kg4 Rc5 67. Rxg5 Rc4+ 68.
f4 Kxc6 69. Re5 Kd6 70. Re1 Ra4 71. Kg5 Ra2 72. f5 Rg2+ 73. Kf6 Rf2 74. Kg6 Kd7 75. f6 Rg2+ 76. Kf7 Rf2 77. Rd1+ Kc7 78. Ke7 Re2+ 79. Kf8 Rf2 80. f7 Rf3 81. Rd4 Rf2 82.
Kg7 Rg2+ 83. Kf6 Rf2+ 84. Ke6 Re2+ 85. Kf5 Rf2+ 86. Rf4 1-0

[Event "Early-Titled-Tuesday-Blitz-March-26-2024"]
[Site "Chess.com"]
[Date "2024.03.26"]
[Round "9"]
[White "suyu28"]
[Black "GlavkonVVS"]
[Result "1-0"]
[WhiteElo "2855"]
[BlackElo "2638"]
[TimeControl "180+1"]
[EndTime "9:45:00 PDT"]
[Termination "suyu28 won by resignation"]

1. e4 Nf6 2. e5 Nd5 3. d4 d6 4.
Nf3 Bg4 5. Bc4 dxe5 6. dxe5 e6 7.
Qe2 Be7 8. Nbd2 Nd7 9. h3 Bf5 10. Ne4 N7b6 11. Bb3 a5 12. c4 Nb4 13. c5 Nd3+ 14.
Kf1 Bxe4 15. Qxe4 Nxc5 16. Qe2 Qd3 17. Qxd3 Nxd3 18. Bc2 Nc5 19. Be3 Nd5 20. Bd4 O-O 21.
Rc1 b6 22. g3 Rfd8 23. Ke2 Nb4 24. Bb1 Nca6 25. a3 Nd5 26. Be4 c5 27. Be3 b5 28.
Bd2 b4 29. a4 Rac8 30. b3 f5 31. Bd3 Nb8 32. Rhd1 Nc6 33. Ba6 Rc7 34. Bc4 h6 35. h4 Rcd7 36. h5 Kf7 37. Bb5 Rc7 38. Be1 Rdc8 39. Bc4 Nb6 40. Ba6 Rd8 41. Bd3 Rd5 42. Bb5 Rxd1 43. Rxd1 Nd5 44. Rc1 Na7 45. Bc4 Nc8 46.
Ba6 Ncb6 47. Bd2 Rd7 48. Bb5 Rc7 49. Rc2 Nc8 50. Ne1 Na7 51. Bd3 Nc6 52. Nf3 Nb6 53.
Bb5 Nd7 54. Bf4 g5 55. hxg6+ Kxg6 56. Bc4 Nd8 57. Rd2 Bg5 58. Rd3 Bxf4 59. gxf4 Kf7 60. Ke3 Nc6 61. Rd6 Nf8 62. Nh4 Ne7 63. f3 Rd7 64.
Ra6 Rd4 65. Rxa5 Nd5+ 66. Bxd5 Rxd5 67. Ra7+ Nd7 68. Rc7 h5 69. a5 Ke8 70. a6 Kd8 71. a7 Kxc7 72. a8=Q Nb6 73. Qa7+ Kc6 74. Ng6 c4 75. Ne7+ Kb5 76. Nxd5 exd5 77. e6 cxb3 78. e7 b2 79. e8=Q+ Kc4 80. Qc6+ Kb3 81. Qaxb6 b1=Q 82. Qxd5+ Ka3 83. Qba5+ Kb2 84. Qd4+ 1-0

[Event "Early-Titled-Tuesday-Blitz-March-26-2024"]
[Site "Chess.com"]
[Date "2024.03.26"]
[Round "9"]
[White "imdvb6307"]
[Black "PepeCuenca"]
[Result "1/2-1/2"]
[WhiteElo "2519"]
[BlackElo "2725"]
[TimeControl "180+1"]
[EndTime "9:45:02 PDT"]
[Termination "Game drawn - insufficient material"]

1. d4 Nf6 2. Nf3 g6 3. c4 Bg7 4. Nc3 O-O 5. e4 d6 6. Be2 Bg4 7. Be3 Nfd7 8. Ng1 Bxe2 9. Ngxe2 c5 10. f3 cxd4 11. Nxd4 Nc6 12. Qd2 Rc8 13. b3 Re8 14. O-O a6 15. Kh1 Qa5 16. Rac1 Nxd4 17. Bxd4 Bxd4 18.
Qxd4 Qc5 19. Qxc5 Rxc5 20. a4 a5 21. Rcd1 Rec8 22. Rfe1 R5c6 23. Ne2 Nc5 24. Nd4 Rb6 25.
Re3 Kf8 26. Nb5 Nd7 27. f4 Nc5 28. e5 dxe5 29. fxe5 Ke8 30. Rd5 Ne6 31. Kg1 Ra6 32.
Rf3 Raa8 33. Kf2 Rd8 34. Ke3 Rac8 35. Rxd8+ Rxd8 36. Ke2 h5 37. g3 Kf8 38. Rd3 Ke8 39.
Rxd8+ Kxd8 40. Kd3 Nc5+ 41. Kc3 Kd7 42. Nd4 Kc7 43.
Kc2 Ne4 44. Kd3 Nf2+ 45. Ke2 Ng4 46. Nf3 Kd7 47. Kd3 Nh6 48. Ke4 Nf5 49. Kd5 b6 50. c5 e6+ 51. Kc4 Kc6 52. cxb6 Kxb6 53. Nd4 Ne3+ 54.
Kd3 Nd5 55. Kc4 Ne3+ 56. Kd3 Ng4 57. Nf3 Kc5 58. Kc3 Kd5 59. b4 axb4+ 60. Kxb4 Ke4 61.
a5 Kxf3 62. a6 Nxe5 63. Kb5 Ng4 64. a7 Nxh2 65. a8=Q+ Kxg3 66. Qe8 g5 67. Qxf7 h4 68. Qxe6 g4 69. Qe3+ Nf3 70. Qe4 h3 71. Qe6 h2 72.
Qd6+ Kg2 73. Qg6 g3 74. Qc2+ Kh3 75. Qf5+ Kg2 76. Qc2+ Kg1 77. Qd1+ Kf2 78. Qc2+ Kf1 79. Qd3+ Kg2 80. Qe2+ Kg1 81. Qxf3 h1=Q 82. Qxg3+ Qg2 83. Qxg2+ Kxg2 1/2-1/2

[Event "Early-Titled-Tuesday-Blitz-March-26-2024"]
[Site "Chess.com"]
[Date "2024.03.26"]
[Round "9"]
[White "ArturoCaceres"]
[Black "rhwr"]
[Result "1/2-1/2"]
[WhiteElo "2431"]
[BlackElo "2319"]
[TimeControl "180+1"]
[EndTime "9:45:05 PDT"]
[Termination "Game drawn - insufficient material"]

1. d4 c5 2. dxc5 Nc6 3. Nc3 e6 4. Ne4 Bxc5 5. Nxc5 Qa5+ 6. Bd2 Qxc5 7. g3 Nf6 8. Bg2 d5 9. c3 e5 10. Nf3 e4 11.
Nd4 O-O 12. O-O Nxd4 13. cxd4 Qxd4 14. Bc3 Qxd1 15. Rfxd1 Be6 16. Bd4 b6 17. a4 Nd7 18.
a5 Rfc8 19. Rdc1 Nc5 20. Ra3 Nb7 21. Rxc8+ Rxc8 22. h4 Nxa5 23. b4 Nc6 24. e3 Nxd4 25. exd4 Rc7 26. f3 f5 27. Kf2 Kf7 28. Ke3 Kf6 29.
g4 exf3 30. g5+ Ke7 31. Bxf3 Kd6 32. h5 h6 33. gxh6 gxh6 34. Ra1 Rf7 35. Kf4 Kc6 36. Re1 Kd6 37. Re5 a5 38. bxa5 bxa5 39. Re1 Ra7 40.
Ra1 a4 41. Ra3 Bd7 42. Bd1 Ke6 43. Bc2 Kd6 44. Bxf5 Bxf5 45. Kxf5 Kc6 46. Ke6 Kb5 47. Kxd5 Kb4 48. Ra1 Ra5+ 49. Ke6 Rxh5 50. d5 a3 51. d6 Rh2 52. Rd1 Re2+ 53. Kf7 Rf2+ 54. Kg7 Rg2+ 55.
Kh7 Re2 56. Kg8 Re8+ 57. Kf7 Rd8 58. Ke7 Ra8 59. d7 Ra7 60. Rb1+ Kc3 61. Ra1 Kb2 62. Rh1 a2 63. Rh2+ Kb1 64. Rh1+ Kb2 65. Rh2+ Kb3 66. Rh3+ Kb4 67. Rh4+ Kc5 68. Rh1 Rxd7+ 69. Kxd7 Kb4 70. Ke6 Kb3 71. Kf5 Kb2 72. Rh2+ Kb1 73. Rh1+ Kb2 74. Rh2+ Kb1 75. Rxh6 a1=Q 76. Rh1+ Kb2 77.
Rxa1 Kxa1 1/2-1/2

[Event "Early-Titled-Tuesday-Blitz-March-26-2024"]
[Site "Chess.com"]
[Date "2024.03.26"]
[Round "9"]
[White "Xavier_mompel"]
[Black "ACollins05"]
[Result "1/2-1/2"]
[WhiteElo "2369"]
[BlackElo "2511"]
[TimeControl "180+1"]
[EndTime "9:45:21 PDT"]
[Termination "Game drawn - insufficient material"]

1. e4 c5 2. Nf3 d6 3. d4 cxd4 4. Nxd4 Nf6 5. Nc3 Nc6 6. Bg5 e6 7.
Bb5 Qb6 8. Qd3 Bd7 9. Bxc6 bxc6 10. Nb3 Be7 11. O-O-O O-O 12. Na4 Qc7 13. e5 c5 14.
exf6 c4 15. Qc3 gxf6 16. Bh6 d5 17. Nbc5 Bxa4 18. Nxa4 Rfc8 19. Qg3+ Qxg3 20. hxg3 Rab8 21. Nc3 Bc5 22. Be3 Bb4 23. f4 a5 24. Bd4 a4 25.
Bxf6 a3 26. bxa3 Bxa3+ 27. Kd2 Bb4 28. Ke3 Ra8 29. Rb1 Rcb8 30. a4 Kf8 31. Rxh7 Ke8 32. Rh8+ Kd7 33. Rxb8 Rxb8 34. Nb5 Bc5+ 35. Bd4 Be7 36.
a5 Ra8 37. Ra1 Ra6 38. Nc3 Bb4 39. Na4 Kc6 40. Nb6 Bxa5 41. Nc8 Kd7 42. Nb6+ Kc6 43.
Na4 Kb5 44. g4 Ra8 45. g5 Kc6 46. Nc3 Ra6 47. Ne2 Kb5 48. c3 Rc6 49. g4 Rc7 50.
Rb1+ Ka6 51. f5 Re7 52. Kf3 Re8 53. fxe6 Rxe6 54. Be5 Rxe5 55. Nd4 Rxg5 56. Kf4 Rg8 57. Kf5 Rg6 58. Ra1 Kb6 59. g5 Rd6 60. Rb1+ Kc7 61. Nb5+ Kc6 62. Nxd6 Kxd6 63. Kf6 Bxc3+ 64. Kxf7 d4 65. g6 d3 66. g7 Bxg7 67. Kxg7 c3 68.
Rd1 d2 69. Kf6 Kc5 70. Ke5 c2 71. Rxd2 c1=Q 72. Rd5+ Kc4 73. Rd4+ Kc3 74. Re4 Qg5+ 75. Kd6 Kd3 76. Re5 Qf4 77. Kd5 Qc4+ 78. Kd6 Kd4 79.
Re6 Qb5 80. Ke7 Kd5 81. Rd6+ Ke5 82. Re6+ Kf5 83. Rf6+ Kg5 84. Re6 Qc5+ 85. Kd7 Kf5 86. Rd6 Ke5 87. Re6+ Kd5 88. Re7 Qa7+ 89. Ke8 Qb6 90.
Kd7 Qd6+ 91. Ke8 Kc6 92. Kf7 Qh6 93. Re6+ Qxe6+ 94. Kxe6 1/2-1/2

[Event "Early-Titled-Tuesday-Blitz-March-26-2024"]
[Site "Chess.com"]
[Date "2024.03.26"]
[Round "9"]
[White "KevinGeorgeMicheal"]
[Black "Winner_7777"]
[Result "1/2-1/2"]
[WhiteElo "2443"]
[BlackElo "2587"]
[TimeControl "180+1"]
[EndTime "9:45:22 PDT"]
[Termination "Game drawn by repetition"]

1. e4 c5 2. Nf3 d6 3. Nc3 Nf6 4.
d4 cxd4 5. Nxd4 a6 6. Bc4 e6 7. O-O Be7 8. a4 b6 9. Qe2 O-O 10. Bg5 Bb7 11. Bd2 Nbd7 12. Rfe1 Qc7 13. Rad1 Ne5 14.
Ba2 Rac8 15. f4 Nc4 16. Bc1 d5 17. exd5 Nxd5 18. Nxd5 Bxd5 19. Kh1 Rfd8 20. b3 Na3 21. c4 Bb7 22. f5 e5 23. Qxe5 Qxe5 24. Rxe5 Bf6 25. Ree1 Nxc4 26. bxc4 Bxd4 27. Bg5 f6 28. Bf4 Bc5 29. h3 a5 30. Kh2 Kf7 31. Bb1 Bf2 32. Rf1 Bd4 33. Ba2 Bc5 34. Bb1 Ba6 35.
Ba2 Ke7 36. Rfe1+ Kf8 37. Kg3 Rd4 38. Rxd4 Bxd4 39. Bd6+ Kg8 40. c5+ Kh8 41. c6 Bc3 42. Re4 Bd3 43. Re3 Rxc6 44. Rxd3 Rxd6 45. Rxd6 Be5+ 46. Kf3 Bxd6 47. Ke4 Bc5 48. Kd5 h5 49.
g4 hxg4 50. hxg4 Kh7 51. Ke4 Kh6 52. Kf3 Kg5 53. Bc4 Kh4 54. Bd3 Kh3 55. Bb5 Kh2 56. Be8 Kg1 57. Bb5 Bd6 58. Be8 Be5 59. Bb5 Bc3 60.
Be8 Kf1 61. Bb5+ Ke1 62. Be8 Be5 63. Ke4 Ke2 64. Bb5+ Kf2 65. Be8 Kg3 66. g5 Kg4 67. gxf6 gxf6 68. Bg6 Kg5 69. Bf7 Kg4 70. Ba2 Kg3 71. Bf7 Kf2 72. Ba2 Ke2 73. Bc4+ Kd2 74. Bb5 Kc3 75. Be8 Kb4 76. Bb5 Kc5 77. Be8 Bc7 78.
Bb5 Be5 79. Be8 Bd6 80. Bb5 Be5 1/2-1/2

[Event "Early-Titled-Tuesday-Blitz-March-26-2024"]
[Site "Chess.com"]
[Date "2024.03.26"]
[Round "9"]
[White "Titus369"]
[Black "Felix-Rose"]
[Result "1-0"]
[WhiteElo "2633"]
[BlackElo "2250"]
[TimeControl "180+1"]
[EndTime "9:45:37 PDT"]
[Termination "Titus369 won by resignation"]

1. e4 e5 2. Nf3 Nc6 3. Bb5 a6 4. Ba4 Nf6 5. O-O b5 6. Bb3 Bc5 7. c3 d6 8. d4 Bb6 9. h3 O-O 10. a4 Rb8 11. axb5 axb5 12. Na3 Ne7 13. dxe5 dxe5 14.
Qxd8 Rxd8 15. Nxe5 Be6 16. Bxe6 fxe6 17. Re1 Bc5 18.
Be3 Nxe4 19. Bd4 Bxd4 20. Rxe4 Bxe5 21. Rxe5 Rd2 22. Nxb5 c6 23. Nd4 Rbxb2 24. Rxe6 Kf7 25. Rae1 Nd5 26. Nf3 Rxf2 27. Ng5+ Kg8 28. Re8+ Rf8 29. Rxf8+ Kxf8 30. Nxh7+ Kf7 31. Ng5+ Kg6 32. Nf3 Nxc3 33. Re6+ Kf7 34. Ng5+ Kf8 35. Rxc6 Ne2+ 36. Kf1 Nf4 37. g3 Ne2 38. Ne4 Nd4 39. Rd6 Nf3 40. Rd3 Ne5 41.
Re3 Nc4 42. Rf3+ Ke7 43. Rf2 Rb1+ 44. Kg2 Ne3+ 45. Kf3 Nf5 46. Kg4 g6 47. Ng5 Rb3 48. Rf3 Rb4+ 49. Rf4 Rb3 50. Nf3 Kf6 51. h4 Kg7 52. h5 Ne3+ 53. Kh3 gxh5 54. Nh4 Ng4 55. Nf5+ Kg6 56. Nh4+ Kg7 57. Rf5 Kh6 58. Ng2 Rb2 59. Rf4 Kg5 60. Rf3 Ra2 61. Rc3 Ra1 62. Rc5+ Kg6 63.
Nf4+ Kf6 64. Nxh5+ Ke6 65. Kxg4 Ra4+ 66. Nf4+ Kf7 67. Rh5 Ra1 68. Rf5+ Kg7 69. Rg5+ Kh7 70. Rh5+ Kg7 71. Kh4 Rh1+ 72. Kg5 Ra1 73. g4 Ra5+ 74. Kh4 Ra1 75. Rf5 Ra8 76. Kg5 Rg8 77. Nh5+ Kh7+ 78.
Kf4 Kh6 79. Rf6+ Kh7 80. Kf5 Ra8 81. Re6 Ra5+ 82. Re5 Ra1 83. g5 Rf1+ 84. Nf4 Kg8 85. Re4 Kg7 86. Rd4 Rf2 87. Rd7+ Kf8 88. g6 Kg8 89.
Kg5 Rf1 90. Nh5 Rg1+ 91. Kh6 Rf1 92. Rd8+ Rf8 93. Nf6+ 1-0

[Event "Early-Titled-Tuesday-Blitz-March-26-2024"]
[Site "Chess.com"]
[Date "2024.03.26"]
[Round "10"]
[White "InitiatingASC"]
[Black "Byniolus"]
[Result "0-1"]
[WhiteElo "2379"]
[BlackElo "2729"]
[TimeControl "180+1"]
[EndTime "9:49:08 PDT"]
[Termination "Byniolus won by resignation"]

1. d4 d5 2. c4 e5 3. cxd5 Qxd5 4. dxe5 Qxd1+ 5. Kxd1 Nc6 6. Nf3 Bf5 7. Bg5 h6 8. Bh4 g5 9. Bg3 O-O-O+ 10. Nfd2 Bg7 11. f3 Nxe5 12. e4 Be6 13. Kc2 Ne7 14. Nc3 N7c6 15. Rd1 f5 16. Be2 Nd4+ 0-1

[Event "Early-Titled-Tuesday-Blitz-March-26-2024"]
[Site "Chess.com"]
[Date "2024.03.26"]
[Round "10"]
[White "Rsnr"]
[Black "Szparu"]
[Result "1-0"]
[WhiteElo "2937"]
[BlackElo "2822"]
[TimeControl "180+1"]
[EndTime "9:49:25 PDT"]
[Termination "Rsnr won by resignation"]

1. d4 d5 2. c4 e6 3. Nf3 Be7 4. g3 Nf6 5. Bg2 O-O 6. O-O c6 7. Qc2 b6 8. Nbd2 Bb7 9. e4 Na6 10. a3 c5 11. exd5 exd5 12. Rd1 Rc8 13. b3 Qc7 14. Bb2 cxd4 15. Nxd4 dxc4 16. Nb5 Qb8 17.
Bxb7 Qxb7 18. Nxc4 Rc5 19. a4 Rh5 20. Qe2 Rh6 21.
Nbd6 Qc7 22. Nf5 1-0

[Event "Early-Titled-Tuesday-Blitz-March-26-2024"]
[Site "Chess.com"]
[Date "2024.03.26"]
[Round "10"]
[White "Orest_Vovk"]
[Black "chessdjw"]
[Result "1-0"]
[WhiteElo "2601"]
[BlackElo "2772"]
[TimeControl "180+1"]
[EndTime "9:49:42 PDT"]
[Termination "Orest_Vovk won by resignation"]

1. h4 d5 2. h5 c5 3. e4 dxe4 4. Nc3 Nf6 5. Rh4 Nc6 6. Nxe4 Nxe4 7. Rxe4 Bf5 8. Ra4 e6 9. g4 Qh4 10. Nf3 Qh1 11. gxf5 exf5 12. Rh4 Qxh4 13. Nxh4 O-O-O 14. Be2 Nd4 15. Nf3 Nxe2 16. Qxe2 Bd6 17. Kf1 Rhe8 18. Qc4 1-0

[Event "Early-Titled-Tuesday-Blitz-March-26-2024"]
[Site "Chess.com"]
[Date "2024.03.26"]
[Round "10"]
[White "alexrustemov"]
[Black "blitzking1729"]
[Result "1-0"]
[WhiteElo "2932"]
[BlackElo "2761"]
[TimeControl "180+1"]
[EndTime "9:49:49 PDT"]
[Termination "alexrustemov won by resignation"]

1. d4 Nf6 2. c4 e6 3. Nf3 d5 4. Nc3 c6 5. e3 Nbd7 6. Qc2 Bd6 7. Bd2 O-O 8. O-O-O dxc4 9. Bxc4 b5 10. Bd3 Bb7 11. e4 Ng4 12. e5 Nxf2 13. exd6 Nxd1 14.
Rxd1 Nf6 15. Bf4 Rc8 16. Ne4 Nxe4 17. Bxe4 f5 18. Bd3 c5 19. dxc5 Bxf3 20. gxf3 Qh4 21.
Be5 Qb4 22. c6 Rfd8 23. a3 Qa5 24. c7 Rd7 25. Qc6 1-0

[Event "Early-Titled-Tuesday-Blitz-March-26-2024"]
[Site "Chess.com"]
[Date "2024.03.26"]
[Round "10"]
[White "jakopogi"]
[Black "ajedrezsinlimites"]
[Result "1-0"]
[WhiteElo "2797"]
[BlackElo "2633"]
[TimeControl "180+1"]
[EndTime "9:49:53 PDT"]
[Termination "jakopogi won by resignation"]

1. e4 c6 2. d4 d5 3. exd5 cxd5 4. Nf3 Nc6 5. Bb5 Nf6 6. Nbd2 Bg4 7. c4 Bxf3 8. Nxf3 e6 9. Qa4 Qb6 10. c5 Qd8 11.
Bxc6+ bxc6 12. Qxc6+ Nd7 13. Bg5 Be7 14. Bxe7 Kxe7 15.
O-O Qb8 16. Rfe1 Rc8 17. Qxd5 Nf6 18. Qg5 h6 19. Qxg7 Rg8 20. Rxe6+ Kxe6 21. Re1+ Ne4 22. Rxe4+ Kd5 23. Re5+ Kc6 24. Qf6+ Kb5 25. c6+ Ka6 26.
c7+ Qb6 27. Qxf7 Rgf8 28. Qc4+ Kb7 29. Rb5 1-0

[Event "Early-Titled-Tuesday-Blitz-March-26-2024"]
[Site "Chess.com"]
[Date "2024.03.26"]
[Round "10"]
[White "PolandHussars"]
[Black "yonaltimur"]
[Result "1-0"]
[WhiteElo "2564"]
[BlackElo "2414"]
[TimeControl "180+1"]
[EndTime "9:50:15 PDT"]
[Termination "PolandHussars won by resignation"]

1. e4 c5 2. Ne2 d6 3. g3 Nf6 4.
Bg2 g6 5. c3 Bg7 6. d4 cxd4 7.
cxd4 O-O 8. Nbc3 Nc6 9. O-O e5 10. h3 Qe7 11. Be3 Bd7 12. d5 Na5 13. b3 Rac8 14.
Qd2 b6 15. Rfc1 Ne8 16. f3 f5 17. g4 fxe4 18. Nxe4 Nf6 19. N2g3 Nb7 20. b4 Rxc1+ 21. Rxc1 Rc8 22. Bg5 Qf7 23. Rxc8+ Bxc8 24. Qc2 Bd7 25. Bxf6 Bxf6 26. Nxf6+ Qxf6 27. Qc7 Qf4 28. Nf1 Qd4+ 29. Kh1 Bb5 30. Qxb7 Bxf1 31. Bxf1 Qf2 32. Bg2 Qe1+ 33. Kh2 Qxb4 34. Qa8+ Kg7 35. Qxa7+ Kh6 36. Qf7 Qd2 37. h4 1-0

[Event "Early-Titled-Tuesday-Blitz-March-26-2024"]
[Site "Chess.com"]
[Date "2024.03.26"]
[Round "10"]
[White "masnyszachistaaa"]
[Black "Adar_07"]
[Result "1-0"]
[WhiteElo "2620"]
[BlackElo "2773"]
[TimeControl "180+1"]
[EndTime "9:50:16 PDT"]
[Termination "masnyszachistaaa won by resignation"]

1. c4 Nf6 2. Nf3 g6 3. Nc3 Bg7 4. d4 c5 5. g3 cxd4 6. Nxd4 Nc6 7. Bg2 O-O 8. O-O Nxd4 9. Qxd4 d6 10. Qd2 Rb8 11.
b3 Bd7 12. Bb2 Bc6 13. Nd5 Bxd5 14. Bxd5 b5 15. cxb5 Rxb5 16. Bf3 Qd7 17. Rfd1 Rc8 18. Rac1 Rbc5 19. Rxc5 Rxc5 20. Rc1 Qc8 21. Rxc5 Qxc5 22.
Qc3 Qe5 23. Qc8+ Bf8 24. Bxe5 1-0